 Dungeon Crawl Stone Soup version 0.30.0-13-g156ef70053 (webtiles) character file.

Game seed: 6521411158184943409

2 Frutz the Grasshopper (level 1, 0/19 HPs)
             Began as a Naga Warper on May 17, 2023.
             Slain by an endoplasm (2 damage)
             ... on level 1 of the Dungeon.
             The game lasted 00:00:23 (18 turns).

Frutz the Grasshopper (Naga Warper)                   Turns: 18, Time: 00:00:24

Health: 0/19       AC:  1    Str: 13    XL:     1   Next: 40%
Magic:  3/3        EV:  9    Int: 13    God:
Gold:   0          SH:  0    Dex: 10    Spells: 4/4 levels left

rFire   . . .        a - +0 falchion
rCold   . . .        (no shield)
rNeg    . . .        b - +0 leather armour
rPois   +            (no helmet)
rElec   .            (no cloak)
rCorr   .            (no gloves)
SInv    +            (no barding)
Will    .....        (no amulet)
Stlth   +            (no ring)
HPRegen 0.23/turn    (no ring)
MPRegen 0.08/turn

%: no passive effects
@: very slow
A: AC +0, large, see invisible, deformed body, poison resistance, slowness 2,
spit poison 1, naga tail 1
a: Spit Poison


You were on level 1 of the Dungeon.
You visited 1 branch of the dungeon, and saw 1 of its levels.

Inventory:

Hand Weapons
 a - a +0 falchion (weapon)
Missiles
 d - 7 boomerangs of dispersal (quivered)
Armour
 b - a +0 leather armour (worn)
Scrolls
 c - a scroll of blinking
Potions
 e - a potion of might {unknown}


   Skills:
 + Level 2.0 Fighting
 + Level 2.0 Long Blades
 + Level 0.8 Throwing
 + Level 0.7 Armour
 + Level 1.5 Dodging
 + Level 2.0 Spellcasting
 + Level 3.2 Translocations


You had 4 spell levels left.
You didn't know any spells.
Your spell library contained the following spells:

 Spells                   Type           Power      Damage    Failure   Level
 Blink                    Tloc           18%        N/A       13%         2
 Lesser Beckoning         Tloc           18%        N/A       13%         2
 Teleport Other           Tloc           9%         N/A       26%         3
 Vhi's Electric Charge    Tloc/Air       10%        N/A       45%         3
 Manifold Assault         Tloc           9%         N/A       65%         4


Dungeon Overview and Level Annotations

Branches:
Dungeon (1/15)

Altars:


Innate Abilities, Weirdness & Mutations

Your serpentine skin is tough. (AC +0)
You have supernaturally acute eyesight. (SInv)
Armour fits poorly on your strangely shaped body.
Your system is resistant to poisons. (rPois)
You cover ground very slowly.
You can spit poison.
You have a snake-like lower body.


Message History

Press ? for a list of commands and other information.
Found a metallic orange potion and a large lapis lazuli amulet.
Found a staircase leading out of the dungeon.
A frilled lizard comes into view.
The frilled lizard hisses angrily.
A ball python comes into view.
The teleport trap disappears.
The frilled lizard disappears!
A ball python comes into view.
The ball python barely misses you.
You slash the ball python!
You kill the ball python!
You hit the ball python.
You kill the ball python!
A goblin comes into view. It is wielding a +0 club.
The goblin shouts!
A quokka comes into view.
The quokka moves out of view.
e - a metallic orange potion
There are no items here.
An endoplasm comes into view.
The endoplasm quivers.
You hit the goblin but do no damage. The goblin hits you with a +0 club.
You hit the goblin.
You kill the goblin!
A gnoll comes into view. It is wielding a +0 spear.
The gnoll shouts!
The quokka closely misses you. The quokka bites you.
Things that are here:
a +0 club; a goblin corpse You miss the quokka.
The endoplasm hits you. The quokka bites you.
You miss the quokka. The quokka barely misses you. The endoplasm hits you.
The quokka barely misses you.
You closely miss the quokka. The endoplasm hits you. The quokka bites you.
The endoplasm barely misses you.
You hit the quokka.
The quokka is almost dead.
The quokka bites you.
* * * LOW HITPOINT WARNING * * *
The endoplasm hits you.
You die...

#.......#
##.......#####
#.8...........
#<............
#.8...........
##....†.......
#........####
#...........
####@"..#.##
#rJ..#.#
.g...# #
.....##
#......
#....###
...... .......


You could see a gnoll, an endoplasm and a quokka.

Vanquished Creatures
  A goblin (D:1)
  2 ball pythons (D:1)
3 creatures vanquished.

Notes
Turn   | Place    | Note
-------+----------+-------------------------------------------
     0 | D:1      | Frutz the Naga Warper began the quest for the Orb.
     0 | D:1      | Reached XP level 1. HP: 19/19 MP: 3/3
    18 | D:1      | Slain by an endoplasm

Illustrated notes

Levels and vault maps discovered:
D:1:      mrwooster_arrival_statue, layout_loops_cross

Action                     || total
---------------------------++-------
  Melee: Falchion          ||     8
  Dodge: Dodged            ||     5
